 Dungeon Crawl Stone Soup version 0.26-a0-284-g73c0fb6129 (webtiles) character file.

Game seed: 2385495261826522180

7 Froggeryz the Skirmisher (level 2, -6/28 HPs)
             Began as a Naga Chaos Knight on July 13, 2020.
             Was a Plaything of Xom.
             Mangled by a fire crab (shapeshifter) (11 damage)
             ... on level 1 of the Dungeon.
             The game lasted 00:00:17 (265 turns).

Froggeryz the Skirmisher (Naga Chaos Knight)         Turns: 265, Time: 00:00:18

Health: -6/28      AC:  4    Str: 14    XL:     2   Next: 0%
Magic:  0/2        EV:  9    Int: 12    God:    Xom [..*...]
Gold:   11         SH:  0    Dex: 10    Spells: 1/1 levels left

rFire    . . .     SeeInvis +   a - +0 hand axe (chaos)
rCold    . . .     Faith    .   (no shield)
rNeg     . . .     Spirit   .   b - +2 leather armour
rPois    +         Reflect  .   (no helmet)
rElec    .         Harm     .   (no cloak)
rCorr    .                      (no gloves)
MR       .....                  (no barding)
Stlth    +.........             (no amulet)
HPRegen  0.09/turn              (no ring)
MPRegen  0.08/turn              (no ring)

@: very slow
A: large, see invisible, deformed body, poison resistance, slowness 2, spit
poison 1, AC +0
a: Spit Poison, Renounce Religion


You were on level 1 of the Dungeon.
You worshipped Xom.
You were a toy of Xom.
You visited 1 branch of the dungeon, and saw 1 of its levels.

You collected 11 gold pieces.

Inventory:

Hand Weapons
 a - a +0 hand axe of chaos (weapon)
Armour
 b - a +2 leather armour (worn)
Potions
 c - a potion of curing {unknown}
 d - a potion of flight {unknown}


   Skills:
 + Level 3.3 Fighting
 + Level 3.1 Axes
 - Level 1.5 Armour
 - Level 0.7 Dodging


You had one spell level left.
You didn't know any spells.
Your spell library was empty.

Dungeon Overview and Level Annotations

Branches:
Dungeon (1/15)

Altars:


Innate Abilities, Weirdness & Mutations

You cannot wear boots.
Your serpentine skin is tough. (AC +0)
You have supernaturally acute eyesight. (SInv)
Armour fits poorly on your strangely shaped body.
Your system is resistant to poisons. (rPois)
You cover ground very slowly.
You can spit poison.


Message History

You hit the eye of draining but do no damage.
The eye of draining is lightly wounded.
You hit the eye of draining. You burn the eye of draining.
The eye of draining is moderately wounded.
The eye of draining gazes at you.
You feel your power leaking away.
You slash the eye of draining! You burn the eye of draining.
The eye of draining is heavily wounded.
You hit the eye of draining.
The eye of draining is heavily wounded.
The eye of draining changes into a fire crab!
You hit the fire crab. You freeze the fire crab.
The fire crab is heavily wounded.
You barely miss the fire crab.
The fire crab is heavily wounded.
The fire crab bites you!
You are engulfed in flames!
The fire crab claws you.
* * * LOW HITPOINT WARNING * * *
You are engulfed in flames!
You die...
Xom cackles wildly!

...... #...>. ###..
$#..... #....
....... #.#.# .....
#.#.# ..l #.#.# #
#t######.#.#.#
#.@......#.#.###
#..####........#
#?.####.#..###.####
#..................
...####.#.......###
#.... ...#...##..#
#...######.......#
#...# #.......#
#.......#


You could see a fire crab shaped shifter and a frilled lizard.

Vanquished Creatures
  An ooze (D:1)
  A hobgoblin (D:1)
  A kobold (D:1)
3 creatures vanquished.

Notes
Turn   | Place    | Note
-------+----------+-------------------------------------------
     0 | D:1      | Froggeryz the Naga Chaos Knight began the quest for the
                  | Orb.
     0 | D:1      | Reached XP level 1. HP: 21/21 MP: 1/1
   193 | D:1      | Reached XP level 2. HP: 25/28 MP: 2/2
   259 | D:1      | Noticed a shapeshifter
   259 | D:1      | an ooze changed into a shapeshifter
   259 | D:1      | Noticed an eye of draining
   259 | D:1      | a shapeshifter changed into an eye of draining
   263 | D:1      | Noticed a fire crab
   263 | D:1      | an eye of draining changed into a fire crab
   265 | D:1      | Mangled by a fire crab (shapeshifter)

Illustrated notes

Levels and vault maps discovered:
D:1:      lightli_arrival_statue_moat, layout_loops_cross, tso_metal_star

Action                   || total
-------------------------++-------
Melee: Hand axe          ||    15
Armor: Leather armour    ||     1
Dodge: Dodged            ||     4

Table legend:
 A = Non-vault XP
 B = Vault XP
 C = Vault XP percentage of total XP
 D = Non-vault monster count
 E = Vault monster count
 F = Vault count percentage of total count
                 A         B        C        D         E       F
            +---------+---------+-------+---------+---------+-------
      Total |      10 |       0 |   0.0 |       3 |       0 |   0.0
            +---------+---------+-------+---------+---------+-------
        D:1 |      10 |       0 |   0.0 |       3 |       0 |   0.0
            +---------+---------+-------+---------+---------+-------
